 Dungeon Crawl Stone Soup version 0.16-a0-621-gdc21f72 (console) character file.

284522 Kellhus the Destroyer (level 20, 117/135 HPs)
             Began as a Demonspawn Wizard on Sept 16, 2014.
             Was the Champion of Vehumet.
             Quit the game on Level 4 of the Vaults on Sept 17, 2014.
             The game lasted 03:53:09 (76176 turns).

Kellhus the Destroyer (Demonspawn Wizard)          Turns: 76176, Time: 03:53:09

HP 117/135       AC 33     Str 10      XL: 20   Next: 15%
MP  35/62        EV 11     Int 29      God: Vehumet [******]
Gold 4034        SH  0     Dex  8      Spells: 11 memorised,  8 levels left

rFire  . . .     SeeInvis +     a - staff of power
rCold  + . .     Clarity  +     b - +6 mottled dragon armour
rNeg   + . .     rCorr    .     (no shield)
rPois  .         rRot     +     (helmet unavailable)
rElec  .         Spirit   .     R - +1 cloak "Jucu" {Int+2}
SustAb .         Warding  .     G - +0 pair of gloves
rMut   .         Stasis   .     h - +2 pair of boots {run}
Gourm  .                        E - amulet of clarity
MR     ++...                    i - ring of Midnight {+Fly MR+ AC+3}
                                W - ring of magical power

@: quick, very resistant to hostile enchantments, very unstealthy
A: antennae 3, fangs 1, rough black scales 3, cold resistance 1, foul stench 2,
negative energy resistance 1, rot immunity, freezing cloud immunity
a: Renounce Religion, Evoke Flight
}: 1/15 runes: gossamer


You were on level 4 of the Vaults.
You worshipped Vehumet.
Vehumet was exalted by your worship.
You were not hungry.

You visited 7 branches of the dungeon, and saw 41 of its levels.
You also visited: Labyrinth and Ice Cave.

You collected 4712 gold pieces.
You spent 678 gold pieces at shops.

Inventory:

Hand weapons
 B - a +2 eveningstar of draining
Armour
 b - a +6 mottled dragon armour (worn)
 e - a +2 cloak
 h - a +2 pair of boots of running (worn)
 G - a +0 pair of gloves (worn)
 R - the +1 cloak "Jucu" (worn) {Int+2}
   (You found it on level 4 of the Vaults)

   It affects your intelligence (+2).
Magical devices
 z - a wand of cold (5)
 K - a wand of disintegration (9)
 Q - a wand of teleportation (8)
 Z - a wand of digging (14)
Comestibles
 d - 7 bread rations
 O - 8 meat rations
 X - 2 royal jellies
Scrolls
 c - 2 scrolls of vulnerability
 j - 4 scrolls of magic mapping
 l - 2 scrolls of enchant armour
 q - 8 scrolls of fog
 r - 7 scrolls of teleportation
 u - 11 scrolls of remove curse
 v - 8 scrolls of enchant weapon
 y - a scroll of recharging
 I - 4 scrolls of blinking
 L - 4 scrolls of identify
 M - 2 scrolls of amnesia
 Y - a scroll of fear
Jewellery
 g - an uncursed amulet of resist mutation
 i - the ring of Midnight (right hand) {+Fly MR+ AC+3}
   (You found it on level 1 of the Vaults)

   [ring of protection]

   It affects your AC (+3).
   It affects your resistance to hostile enchantments.
   It lets you fly.
 k - an uncursed ring of magical power
 m - an uncursed ring of fire
 x - an uncursed ring of positive energy
 C - an uncursed ring of ice
 E - an amulet of clarity (around neck)
 F - an uncursed ring of protection from fire
 H - a +3 ring of intelligence
 J - an uncursed ring of protection from magic
 T - an uncursed amulet of stasis
 U - an uncursed ring of wizardry
 W - a ring of magical power (left hand)
Potions
 f - a potion of haste
 n - 6 potions of resistance
 o - 2 potions of cancellation
 p - 6 potions of brilliance
 s - 5 potions of agility
 t - a potion of heal wounds
 A - 18 potions of curing
 N - 5 potions of restore abilities
 P - a potion of cure mutation
 S - a potion of magic
 V - 3 potions of might
Books
 D - a book of Wizardry

   Spells                             Type                      Level
   Agony                              Necromancy                   5
   Force Lance                        Conjuration                  5
   Dispersal                          Translocation                6
   *Haste                             Charms                       6
   Invisibility                       Hexes                        6
   Spellforged Servitor               Conjuration/Summoning        7
Magical staves
 a - an uncursed staff of power (weapon)
 w - an uncursed staff of wizardry


   Skills:
 - Level 6.0 Fighting
 - Level 5.0 Armour
 - Level 8.0 Dodging
 - Level 1.7 Stealth
 - Level 17.0 Spellcasting
 - Level 19.0 Conjurations
 + Level 8.6 Charms
   Level 1.0 Summonings
 - Level 0.8 Translocations
 - Level 17.6 Fire Magic
 - Level 6.0 Poison Magic


You had 8 spell levels left.
You knew the following spells:

 Your Spells              Type           Power        Failure   Level  Hunger
a - Iron Shot             Conj/Erth      ######....   2%          6    ##.....
b - Venom Bolt            Conj/Pois      #######...   1%          5    None
c - Bolt of Fire          Conj/Fire      #######...   1%          6    ##.....
d - Fireball              Conj/Fire      #######...   1%          5    None
e - Regeneration          Chrm/Necr      #####.....   1%          3    None
f - Flight                Chrm/Air       #####.....   1%          3    None
h - Haste                 Chrm           ######..     12%         6    ##.....
l - Blink                 Tloc           N/A          1%          2    None
p - Poisonous Cloud       Conj/Pois/Air  ######....   3%          6    ##.....
r - Repel Missiles        Chrm/Air       #####.       1%          2    None
A - Apportation           Tloc           ####......   1%          1    None


Dungeon Overview and Level Annotations

Branches:
Dungeon (15/15)            Temple (1/1) D:7             Orc (4/4) D:10
    Elf (0/3) Orc:4          Lair (8/8) D:9          Shoals (4/5) Lair:6
 Spider (5/5) Lair:3        Slime (0/6) Lair:7       Vaults (4/5) D:14
  Crypt (0/3) Vaults:3     Depths (0/5) D:15

Altars:
Dithmenos
Elyvilon
Fedhas
Gozag
Kikubaaqudgha
Vehumet
Zin
The Shining One
Beogh
Jiyva

Shops:
D:4 (   D:10 [   D:11 =   Orc:2 (   Orc:4 }}}}   Shoals:1 (   Shoals:2 ?
Vaults:1 *

Annotations:
D:2 Ijyb
D:8 Afay's ghost, experienced KoBe
Lair:1 exclusion: downstairs
Lair:4 Rupert
Lair:7 exclusion: oklob plant
Lair:8 1 exclusion
Shoals:3 exclusion: Roxanne, Asterion; Roxanne
Shoals:4 Ratboiler's ghost, mighty DrAE


Innate Abilities, Weirdness & Mutations

You have a pair of large antennae on your head (SInv).
You are completely covered in rough black scales (AC +10, Dex -3).
Your flesh is cold resistant.
You radiate miasma.
You resist negative energy.
You are immune to rotting.
You are immune to freezing clouds.
You have very sharp teeth.


Message History

Aiming: Bolt of Fire
Press: ? - help, Shift-Dir - straight line, f/p - orc knight
Aim: an orc knight, wielding a battleaxe and wearing a shiny plate armour (moderately wounded)
The bolt of fire hits the orc knight.
You kill the orc knight!
Vehumet accepts your kill.
You feel your power returning.
Unknown command.
R - a polished cloak Wear which item? (? for menu, Esc to quit)
You start removing your armour.
You continue taking off your +2 cloak.
You continue taking off your +2 cloak. x3
You finish taking off your +2 cloak.
You start putting on your armour.
You continue putting on your polished cloak. x5
You finish putting on the +1 cloak "Jucu" {Int+2}.
Assign waypoint to what number? (0-9)
Okay, then.
Unknown command.
Are you sure you want to abandon this character and quit the game? (Confirm with "yes".)

. .... §.§ ..... ..§.§.
'....). ...§§.§ #......
≈.§... ...... .§..≈ ....
..≈ #)###### #.#
#.)@...##########'##
#)))...#....).......
#######.).(..#......)...[%
#.(...#......#..####.####)
#...(.#(.%...#..#.......#)
#...(>').))))#§.#.......#.
#....)#...).(#[.#...#...#.
###'###.....(#.....###....
.)...#..)..().(#...#...#.


There were no monsters in sight!

Vanquished Creatures
  A storm dragon (Vaults:3)
  Polyphemus (Shoals:3)
  2 sphinxes
  A tengu reaver (D:14)
  A fire giant (Vaults:1)
  Donald (Shoals:1)
  6 vault wardens
  Aizul (Spider:5)
  Louise (D:14)
  3 frost giants
  Gastronok (Lair:3)
  An orc warlord (Vaults:4)
  6 emperor scorpions
  A very ugly thing (Vaults:4)
  8 stone giants
  A war gargoyle (Vaults:3)
  The ghost of Ratboiler the Severer, a powerful VSBe of Trog (Orc:4)
  A deep elf demonologist (Vaults:3)
  A merfolk javelineer (Shoals:3)
  Snorg (Shoals:1)
  An ettin (Vaults:4)
  A crystal guardian (Vaults:2)
  4 merfolk impalers
  9 ironheart preservers
  A minotaur (Lab)
  2 vault guards (Vaults:3)
  11 yaktaur captains
  A great orb of eyes (Vaults:4)
  Harold (Orc:2)
  An ice dragon (Vaults:3)
  A rakshasa (Vaults:1)
  11 hydras
  11 ogre magi
  Erica (Lair:4)
  A ravenous feature mimic (Shoals:3)
  2 dancing weapons (D:14)
  A tengu warrior (D:13)
  4 orc high priests (Vaults:4)
  A deep troll shaman (Lair:8)
  10 centaur warriors
  A deep troll earth mage (D:14)
  14 death yaks
  Urug (Shoals:1)
  3 catoblepae
  A deep elf knight (Vaults:2)
  8 skeletal warriors
  5 deep trolls
  An orb spider (shapeshifter) (D:12)
  18 orb spiders
  An unseen horror (shapeshifter) (D:14)
  2 unseen horrors
  8 sea snakes
  42 wolf spiders
  10 ironbrand convokers
  2 necromancers (Vaults:1)
  3 wolf spider zombies (Spider:2)
  2 lindwurms
  4 deep elf conjurers
  32 ugly things
  13 harpies
  4 fauns
  A shining eye (shapeshifter) (Vaults:1)
  11 griffons
  12 hill giants
  3 red wasps
  16 orc knights
  2 orc sorcerers
  2 water nymphs (Shoals:1)
  A draconian (shapeshifter) (D:13)
  4 moths of wrath
  2 manticores (D:12)
  7 cyclopes
  7 mermaids
  A phantasmal warrior (Vaults:1)
  2 gargoyles
  14 vault sentinels
  Joseph (Orc:1)
  7 elephants
  5 black mambas
  A naga mage (D:15)
  3 torpor snails
  A feature mimic (Shoals:1)
  2 fire drakes
  Psyche (D:10)
  14 spiny frogs
  A kobold demonologist (D:14)
  41 yaktaurs
  5 small abominations (Spider:2)
  A queen ant (Lair:8)
  2 komodo dragons
  2 polar bears
  2 tengu conjurers
  24 jumping spiders
  A queen bee (shapeshifter) (Vaults:4)
  16 trolls
  A demonic crawler zombie (Spider:2)
  19 merfolk
  4 wandering mushrooms (Lab)
  A polar bear (shapeshifter) (D:14)
  24 two-headed ogres
  24 demonic crawlers
  3 freezing wraiths
  Prince Ribbit (Lair:1)
  25 blink frogs
  7 boulder beetles
  A raven (D:13)
  A harpy skeleton (Vaults:1)
  A jumping spider zombie (Spider:2)
  A raven (shapeshifter) (Vaults:1)
  39 slime creatures
  2 wind drakes (Shoals:1)
  A griffon zombie (D:13)
  3 snapping turtles
  A trapdoor spider zombie (Spider:2)
  5 basilisks
  47 redbacks
  24 trapdoor spiders
  40 tarantellas
  5 water elementals
  8 deep elf magi
  A spriggan (D:7)
  2 wyverns
  A hungry ghost (D:15)
  44 yaks
  A hill giant zombie (D:13)
  2 vampires (D:15)
  A hog (shapeshifter) (Vaults:3)
  14 deep elf fighters
  A golden eye (shapeshifter) (Vaults:1)
  15 hippogriffs
  2 wraiths
  10 vampire mosquitoes
  4 wargs
  4 mottled dragons
  2 ogre zombies
  16 soldier ants
  16 water moccasins
  23 wolves
  10 porcupines
  A deep troll zombie (D:14)
  A yellow wasp (Spider:5)
  A tengu skeleton (D:13)
  6 sky beasts
  41 spiders
  A phantom (D:14)
  10 ice beasts
  5 black bears
  2 necrophages
  34 orc warriors
  64 ogres
  5 boggarts (D:15)
  3 boring beetles
  12 centaurs
  An elf simulacrum (Vaults:1)
  A big kobold (D:12)
  19 crocodiles
  A yaktaur zombie (Vaults:1)
  2 human zombies (Vaults:1)
  4 brain worms (Spider:2)
  A cyclops zombie (D:10)
  A spider zombie (Spider:2)
  27 giant frogs
  A yaktaur skeleton (D:14)
  14 scorpions
  2 eyes of draining
  A human simulacrum (Vaults:2)
  17 wights
  An elf skeleton (D:15)
  2 troll skeletons
  21 killer bees
  A lava snake (Lair:2)
  12 crimson imps
  A giant frog zombie (D:6)
  2 electric eels
  15 goliath beetles
  3 jellies
  A quasit (D:13)
  24 orc priests
  13 hounds
  8 iguanas
  A soldier ant zombie (D:11)
  26 orc wizards
  A black bear skeleton (D:7)
  46 worker ants
  29 sheep
  A mottled dragon zombie (D:13)
  An ogre skeleton (D:8)
  2 mummies
  27 adders
  6 gnolls (D:6)
  2 shadow imps
  A gnoll skeleton (D:5)
  63 green rats
  A giant mite (D:3)
  14 white imps
  3 worms
  An adder zombie (D:9)
  7 giant geckos
  177 orcs
  A ball python (D:2)
  9 giant cockroaches
  18 hobgoblins
  8 jackals
  25 kobolds
  12 quokkas
  17 bats
  7 giant newts
  2 giant spores
  22 goblins
  A hobgoblin zombie (D:8)
  A jackal skeleton (D:5)
  2 kobold skeletons
  A quokka skeleton (D:5)
  14 rats
  A rat skeleton (D:5)
  10 ballistomycetes
  2 bushes
  9 crawling corpses (Spider:2)
  2 fungi (Lair:8)
  2 plants
1919 creatures vanquished.

Vanquished Creatures (others)
  2 giant spores
  27 fungi
  23 plants
52 creatures vanquished.

Grand Total: 1971 creatures vanquished

Notes
Turn   | Place    | Note
--------------------------------------------------------------
     0 | D:1      | Kellhus, the Demonspawn Wizard, began the quest for the Orb.
     0 | D:1      | Reached XP level 1. HP: 13/13 MP: 4/4
   772 | D:1      | Gained mutation: Your flesh is cold resistant. [demonic ancestry]
   772 | D:1      | Reached XP level 2. HP: 7/19 MP: 0/6
  1274 | D:1      | Gained mutation: You are partially covered in rough black scales (AC +4, Dex -1). [demonic ancestry]
  1274 | D:1      | Reached XP level 3. HP: 20/24 MP: 1/7
  2420 | D:2      | Noticed Ijyb
  2494 | D:1      | Learned a level 3 spell: Conjure Flame
  2498 | D:1      | Learned a level 3 spell: Mephitic Cloud
  2605 | D:2      | Reached XP level 4. HP: 30/30 MP: 2/9
  2764 | D:2      | Reached skill level 4 in Conjurations
  3930 | D:4      | Gained mutation: You are immune to rotting. [demonic ancestry]
  3930 | D:4      | Reached XP level 5. HP: 35/35 MP: 7/11
  3969 | D:4      | Noticed an ogre
  3986 | D:4      | Killed an ogre
  3986 | D:4      | Reached skill level 5 in Conjurations
  4290 | D:4      | Reached skill level 6 in Conjurations
  4290 | D:4      | Gained mutation: You are immune to freezing clouds. [demonic ancestry]
  4290 | D:4      | Reached XP level 6. HP: 41/41 MP: 5/12
  5350 | D:4      | Found Satsil's Antique Weapon Shop.
  5685 | D:4      | Reached skill level 7 in Conjurations
  5780 | D:4      | Learned a level 2 spell: Blink
  5783 | D:4      | Learned a level 2 spell: Repel Missiles
  5914 | D:5      | Entered Level 5 of the Dungeon
  6351 | D:5      | Gained mutation: You have a pair of small antennae on your head. [demonic ancestry]
  6351 | D:5      | Reached XP level 7. HP: 13/46 MP: 8/15
  7376 | D:5      | Reached skill level 5 in Spellcasting
  7995 | D:6      | Reached skill level 8 in Conjurations
  8073 | D:6      | Reached XP level 8. HP: 52/52 MP: 15/20
  9203 | D:7      | Found a staircase to the Ecumenical Temple.
  9214 | Temple   | Entered the Ecumenical Temple
  9223 | Temple   | Became a worshipper of Vehumet
  9253 | D:7      | Reached skill level 9 in Conjurations
  9559 | D:7      | Found a blossoming altar of Fedhas.
  9681 | D:7      | Reached skill level 10 in Conjurations
 10254 | D:7      | Reached skill level 1 in Fighting
 10276 | D:7      | Gained mutation: You emit a foul stench. [demonic ancestry]
 10276 | D:7      | Reached XP level 9. HP: 43/61 MP: 1/22
 10902 | D:7      | Acquired Vehumet's first power
 10902 | D:7      | Offered knowledge of Sandblast by Vehumet.
 11144 | D:8      | Reached skill level 5 in Fighting
 11785 | D:8      | Noticed Afay's ghost (experienced KoBe)
 12003 | D:8      | Found an opulent altar of Gozag.
 12068 | D:8      | Reached skill level 11 in Conjurations
 13181 | D:9      | Gained mutation: You are mostly covered in rough black scales (AC +7, Dex -2). [demonic ancestry]
 13181 | D:9      | Reached XP level 10. HP: 74/74 MP: 21/25
 13504 | D:9      | Found a staircase to the Lair.
 13872 | D:9      | Offered knowledge of Throw Flame by Vehumet.
 13876 | D:9      | Learned a level 2 spell: Throw Flame
 14148 | D:9      | Reached skill level 1 in Fire Magic
 14726 | Lair:1   | Entered Level 1 of the Lair of Beasts
 15054 | Lair:1   | Noticed Prince Ribbit
 15252 | Lair:1   | Killed Prince Ribbit
 15381 | Lair:1   | Reached skill level 5 in Fire Magic
 15986 | Lair:1   | Offered knowledge of Inner Flame by Vehumet.
 16911 | Lair:1   | Identified a scroll of acquirement
 17311 | Lair:2   | Reached XP level 11. HP: 79/79 MP: 16/27
 17386 | Lair:2   | Noticed a black mamba
 17392 | Lair:2   | Killed a black mamba
 17601 | Lair:2   | Noticed a black mamba
 17627 | Lair:2   | Killed a black mamba
 18071 | Lair:2   | Acquired Vehumet's second power
 18179 | Lair:2   | Noticed a four-headed hydra
 18894 | Lair:2   | Learned a level 3 spell: Regeneration
 19707 | Lair:3   | Noticed Gastronok
 19815 | Lair:2   | Reached skill level 10 in Fire Magic
 20001 | Lair:3   | Found a hole to the Spider Nest.
 20075 | Lair:3   | Offered knowledge of Sticky Flame by Vehumet.
 20081 | Lair:3   | Learned a level 4 spell: Sticky Flame
 20833 | Lair:3   | Reached skill level 5 in Dodging
 21190 | Lair:4   | Noticed Erica
 21204 | Lair:4   | Killed Erica
 21204 | Lair:4   | Reached XP level 12. HP: 86/86 MP: 10/29
 21456 | Lair:4   | Acquired Vehumet's third power
 21957 | Lair:4   | Noticed Rupert
 22601 | Lair:5   | Offered knowledge of Ignite Poison by Vehumet.
 22965 | Lair:5   | Reached skill level 12 in Conjurations
 23385 | Lair:5   | Learned a level 1 spell: Apportation
 24298 | Lair:6   | Found a frozen archway.
 24324 | IceCv    | Entered an ice cave
 24899 | Lair:6   | Found a glowing silver altar of Zin.
 25280 | Lair:6   | Reached skill level 10 in Spellcasting
 25506 | Lair:6   | Found a staircase to the Shoals.
 25549 | Lair:6   | Offered knowledge of Fireball by Vehumet.
 25668 | Lair:6   | Learned a level 5 spell: Fireball
 25743 | Lair:6   | Noticed an eight-headed hydra
 25746 | Lair:6   | Killed an eight-headed hydra
 26656 | Lair:7   | Gained mutation: You radiate miasma. [demonic ancestry]
 26656 | Lair:7   | Reached XP level 13. HP: 91/91 MP: 5/31
 26989 | Lair:7   | Found a viscous altar of Jiyva.
 26990 | Lair:7   | Found a staircase to the Slime Pits.
 29068 | Lair:8   | Entered Level 8 of the Lair of Beasts
 29903 | Lair:8   | Reached skill level 13 in Conjurations
 30400 | Lair:8   | Offered knowledge of Airstrike by Vehumet.
 31427 | Lair:7   | Gained mutation: You are completely covered in rough black scales (AC +10, Dex -3). [demonic ancestry]
 31427 | Lair:7   | Reached XP level 14. HP: 81/98 MP: 17/33
 32068 | Lair:8   | Reached skill level 1 in Poison Magic
 33466 | Lair:8   | Reached skill level 5 in Poison Magic
 33826 | Lair:8   | Got a steaming robe
 33837 | Lair:8   | Identified the -4 robe of Duty {Int+2} (You found it on level 8 of the Lair of Beasts)
 34064 | Lair:2   | Learned a level 6 spell: Poisonous Cloud
 34086 | Lair:2   | Noticed a four-headed hydra
 34094 | Lair:2   | Killed a four-headed hydra
 34208 | Lair:2   | Killed a four-headed hydra
 34393 | D:10     | Entered Level 10 of the Dungeon
 34393 | D:10     | Found an opulent altar of Gozag.
 34463 | D:10     | Found a staircase to the Orcish Mines.
 34712 | D:10     | Found Eramuing's Armour Shoppe.
 34720 | D:10     | Bought a +0 pair of boots of running for 315 gold pieces
 34824 | D:10     | Reached skill level 14 in Conjurations
 34907 | D:10     | Noticed Psyche
 34911 | D:10     | Killed Psyche
 35178 | D:10     | Offered knowledge of Ozocubu's Refrigeration by Vehumet.
 35935 | Orc:1    | Entered Level 1 of the Orcish Mines
 36261 | Orc:1    | Reached skill level 1 in Charms
 36719 | Orc:2    | Found a roughly hewn altar of Beogh.
 36995 | Orc:2    | Found Kicuif's Antique Weapon Boutique.
 37127 | Orc:2    | Noticed Harold
 37139 | Orc:2    | Killed Harold
 37388 | Orc:1    | Noticed Joseph
 37400 | Orc:1    | Killed Joseph
 38255 | Orc:3    | Offered knowledge of Venom Bolt by Vehumet.
 38318 | Orc:2    | Learned a level 5 spell: Venom Bolt
 38900 | Orc:4    | Entered Level 4 of the Orcish Mines
 38900 | Orc:4    | Found a staircase to the Elven Halls.
 39178 | Orc:4    | Noticed Ratboiler's ghost (powerful VSBe)
 39189 | Orc:4    | Killed Ratboiler's ghost
 40216 | Orc:4    | Found Efipeukhli's Gadget Shoppe.
 40562 | Orc:4    | Found Bikiax's Gadget Shoppe.
 40569 | Orc:4    | Found Uwaot's Gadget Emporium.
 40571 | Orc:4    | Found Laosk's Gadget Boutique.
 40702 | Orc:4    | Offered knowledge of Bolt of Fire by Vehumet.
 40702 | Orc:4    | Reached XP level 15. HP: 103/103 MP: 25/33
 41105 | Lair:2   | Learned a level 6 spell: Bolt of Fire
 41568 | D:11     | Found Twuzuan's Jewellery Shoppe.
 41577 | D:11     | Bought an uncursed ring of protection from fire for 325 gold pieces
 42421 | D:12     | Found a labyrinth entrance.
 42462 | Lab      | Entered a labyrinth
 42701 | Lab      | Got a polished centaur barding
 44034 | D:13     | Reached skill level 1 in Armour
 44567 | D:13     | Offered knowledge of Delayed Fireball by Vehumet.
 45956 | D:14     | Noticed Louise
 45964 | D:14     | Killed Louise
 45964 | D:14     | Reached skill level 5 in Armour
 47385 | D:15     | Entered Level 15 of the Dungeon
 48138 | D:15     | Reached skill level 15 in Fire Magic
 48259 | D:15     | Offered knowledge of Freezing Cloud by Vehumet.
 49208 | D:15     | Found a staircase to the Depths.
 49661 | D:15     | Reached XP level 16. HP: 109/109 MP: 19/35
 49900 | D:15     | Gained mutation: You have very sharp teeth. [potion of beneficial mutation]
 50735 | Lair:3   | Killed Gastronok
 50855 | Lair:3   | Learned a level 3 spell: Flight
 50959 | Shoals:1 | Entered Level 1 of the Shoals
 50963 | Shoals:1 | Reached skill level 15 in Conjurations
 51539 | Shoals:1 | Noticed Snorg
 51543 | Shoals:1 | Killed Snorg
 51694 | Shoals:1 | Noticed Urug
 51704 | Shoals:1 | Killed Urug
 51777 | Shoals:1 | Noticed Donald
 51781 | Shoals:1 | Killed Donald
 52065 | Shoals:1 | Found Foit's Antique Weapon Shoppe.
 52844 | Shoals:2 | Found Ogourph's Magic Scroll Emporium.
 53034 | Shoals:3 | Found a flickering gateway to a bazaar.
 53057 | Shoals:3 | the flickering gateway to a bazaar was a mimic.
 53235 | Shoals:3 | Noticed Polyphemus
 53444 | Shoals:3 | Noticed Roxanne
 53922 | Shoals:2 | Bought a scroll of amnesia for 38 gold pieces
 53931 | Shoals:2 | Learned a level 6 spell: Iron Shot
 54548 | Shoals:3 | Reached skill level 16 in Conjurations
 54939 | Shoals:3 | Killed Polyphemus
 55082 | Shoals:3 | Noticed Asterion
 55423 | Shoals:4 | Noticed Ratboiler's ghost (mighty DrAE)
 55818 | Shoals:3 | Noticed a spectral weapon
 56024 | Spider:1 | Entered Level 1 of the Spider Nest
 57008 | Spider:2 | Offered knowledge of Lehudib's Crystal Spear by Vehumet.
 57008 | Spider:2 | Offered knowledge of Fire Storm by Vehumet.
 57008 | Spider:2 | Offered knowledge of Glaciate by Vehumet.
 57141 | Spider:2 | Gained mutation: You have a pair of antennae on your head. [demonic ancestry]
 57141 | Spider:2 | Reached XP level 17. HP: 115/115 MP: 36/36
 58315 | Spider:2 | Reached skill level 17 in Conjurations
 60505 | Spider:2 | Upgraded the game from 0.16-a0-465-g631e55c to 0.16-a0-621-gdc21f72
 60813 | Spider:3 | You fall through a shaft!
 62148 | Spider:4 | Reached skill level 18 in Conjurations
 62505 | Spider:5 | Entered Level 5 of the Spider Nest
 62788 | Spider:5 | Noticed Aizul
 62794 | Spider:5 | Killed Aizul
 63736 | Spider:5 | Reached skill level 19 in Conjurations
 63740 | Spider:5 | Reached XP level 18. HP: 121/121 MP: 36/36
 64514 | Spider:5 | Got a gossamer rune of Zot
 65386 | D:14     | Found a gate to the Vaults.
 66265 | D:14     | Noticed a tengu reaver
 66270 | D:14     | Killed a tengu reaver
 66678 | Vaults:1 | Entered Level 1 of the Vaults
 68443 | Vaults:1 | Got a smoking bronze ring
 68444 | Vaults:1 | Identified the ring of Midnight {+Fly MR+ AC+3} (You found it on level 1 of the Vaults)
 68686 | Vaults:1 | Reached skill level 15 in Spellcasting
 69009 | Vaults:1 | Found Streil's Assorted Antiques.
 70207 | Vaults:2 | Gained mutation: You have a pair of large antennae on your head (SInv). [demonic ancestry]
 70207 | Vaults:2 | Reached XP level 19. HP: 129/129 MP: 39/39
 70898 | Vaults:2 | Got a crude lajatang
 70899 | Vaults:2 | Identified the +5 lajatang of the Middle {slice, +Rage rPois} (You took it off a vault sentinel on level 2 of the Vaults)
 72517 | Vaults:3 | Found a staircase to the Crypt.
 74319 | Vaults:3 | Learned a level 6 spell: Haste
 74703 | Vaults:4 | Reached skill level 5 in Charms
 75514 | Vaults:4 | Gained mutation: You resist negative energy. [demonic ancestry]
 75514 | Vaults:4 | Reached XP level 20. HP: 135/135 MP: 18/41
 76165 | Vaults:4 | Got a polished cloak
 76176 | Vaults:4 | Identified the +1 cloak "Jucu" {Int+2} (You found it on level 4 of the Vaults)
 76176 | Vaults:4 | Quit the game

Action                   |  1- 3 |  4- 6 |  7- 9 | 10-12 | 13-15 | 16-18 | 19-21 || total
-------------------------+-------+-------+-------+-------+-------+-------+-------++-------
Melee: Unarmed           |    36 |       |       |       |       |       |       ||    36
       Dagger            |     1 |    21 |       |     1 |       |       |       ||    23
       Morningstar       |       |       |       |    19 |    87 |       |       ||   106
       Staff             |       |       |       |       |     2 |     6 |    21 ||    29
 Fire: Blowgun           |       |       |    63 |    20 |     6 |       |       ||    89
 Cast: Magic Dart        |    85 |   188 |   488 |   118 |    53 |       |       ||   932
       Mephitic Cloud    |       |     8 |    15 |    18 |     5 |       |       ||    46
       Conjure Flame     |       |     2 |    26 |    15 |     1 |       |       ||    44
       Repel Missiles    |       |       |     1 |     4 |     3 |     3 |     1 ||    12
       Blink             |       |       |     1 |       |     3 |    10 |       ||    14
       Throw Flame       |       |       |       |   635 |   875 |    31 |       ||  1541
       Sticky Flame      |       |       |       |    63 |   150 |     2 |       ||   215
       Regeneration      |       |       |       |     1 |     2 |     6 |       ||     9
       Fireball          |       |       |       |     7 |   103 |    25 |    39 ||   174
       Apportation       |       |       |       |     4 |       |     6 |       ||    10
       Venom Bolt        |       |       |       |       |   130 |   545 |   190 ||   865
       Poisonous Cloud   |       |       |       |       |    20 |    15 |    17 ||    52
       Bolt of Fire      |       |       |       |       |    67 |   222 |    79 ||   368
       Flight            |       |       |       |       |       |    16 |       ||    16
       Iron Shot         |       |       |       |       |       |   152 |     8 ||   160
Evoke: Wand              |       |       |       |    14 |    13 |     4 |     2 ||    33
  Use: Scroll            |     1 |     4 |     9 |    19 |    23 |    18 |     3 ||    77
       Potion            |       |       |       |     1 |     1 |    14 |     6 ||    22
 Stab: Sleeping          |       |       |     2 |       |       |       |       ||     2
  Eat: Chunk             |     4 |     9 |    14 |    31 |    63 |    47 |    14 ||   182
       Meat ration       |       |     1 |       |       |       |     4 |     2 ||     7
       Beef jerky        |       |       |     1 |       |     1 |     3 |     1 ||     6
       Bread ration      |       |       |     1 |     2 |     8 |     8 |     1 ||    20
       Pizza             |       |       |       |     1 |     2 |     2 |       ||     5
       Royal jelly       |       |       |       |     1 |       |     2 |       ||     3
       Fruit             |       |       |       |     2 |       |     7 |       ||     9
